 Dungeon Crawl Stone Soup version 0.31.0-32-g396128a36d (webtiles) character file.

Game seed: 4837822747607743878

25 TacoSundae the Ruffian (level 3, -3/17 HPs)
             Began as a Vine Stalker Shapeshifter on Apr 7, 2024.
             Splashed by a jelly's acid (6 damage)
             ... on level 2 of the Dungeon.
             The game lasted 00:01:31 (495 turns).

TacoSundae the Ruffian (Vine Stalker Shapeshifter)   Turns: 495, Time: 00:01:34

Health: -3/17      AC:  1    Str: 18    XL:     3   Next: 4%
Magic:  0/4        EV: 11    Int: 10    God:
Gold:   14         SH:  0    Dex: 13    Spells: 2/2 levels left

rFire   . .          .
                       - Unarmed
rCold   . . .        (no shield)
rNeg    . . .        e - +0 ring mail
rPois   .            (helmet currently unavailable)
rElec   .            (cloak currently unavailable)
rCorr   .            (gloves currently unavailable)
SInv    .            (boots currently unavailable)
Will    .....        (no amulet)
Stlth   +            (no ring)
HPRegen 1.02/turn    (no ring)
MPRegen 0.09/turn

%: guardian spirit
@: beast-form, corroded
A: beast (slay +1), fangs 2, regeneration 1, magic shield, antimagic bite, no
potion heal 2
a: Begin Untransformation


You were on level 2 of the Dungeon.
You were a hulking beast.
You visited 1 branch of the dungeon, and saw 2 of its levels.

You collected 14 gold pieces.

Inventory:

Armour
 e - a +0 ring mail (worn)
 h - a +0 helmet
Talismans
 c - a beast talisman
 d - a flux talisman
Scrolls
 a - a scroll of teleportation {unknown}
 f - a scroll of brand weapon {unknown}
 g - a scroll of identify {unknown}
Potions
 b - a potion of lignification


   Skills:
 - Level 0.8 Fighting
 - Level 1.5 Dodging
 * Level 3.8 Unarmed Combat
 + Level 3.3 Shapeshifting


You had 2 spell levels left.
You didn't know any spells.
Your spell library contained the following spells:

 Spells                   Type           Power      Damage    Failure   Level
 Gell's Gravitas          Tloc           0%         N/A       90%         3
 Teleport Other           Tloc           0%         N/A       90%         3
 Dispersal                Tloc           0%         N/A       100%        6


Dungeon Overview and Level Annotations

Branches:
Dungeon (2/15)

Altars:


Innate Abilities, Weirdness & Mutations

You are a hulking beast.
Your limbs bulge with bestial killing power. (Slay +1)
You have extremely sharp teeth.
Your natural rate of healing is unusually fast.
When hurt, damage is shared between your health and your magic reserves.
Your bite disrupts and absorbs the magic of your enemies.
Potions cannot restore your health.


Message History

No target in view!
No target in view!
g - a scroll labelled NOIHOK CABOOS You open the door.
Found a spear.
No target in view!
No target in view!
There is an open door here.
You see here a +0 spear.
There is an open door here.
Things that are here:
a hobgoblin corpse; a rat corpse Done exploring.
Done exploring.
Things that are here:
a hobgoblin corpse; a rat corpse
There is a stone staircase leading down here.
You climb downwards.
There is a stone staircase leading up here.
Found a helmet.
No target in view!
You see here a +0 helmet.
h - a +0 helmet A jelly comes into view.
The jelly quivers.
You punch the jelly!
Your hands burn!
The jelly is heavily wounded.
The jelly hits you. The acid corrodes you!
You are splashed with acid!
Ouch! That really hurt!
* * * LOW HITPOINT WARNING * * *
You are too injured to fight recklessly!
You are too injured to fight recklessly!
You are too injured to fight recklessly!
You hit the jelly.
Your hands burn!
* * * LOW HITPOINT WARNING * * *
The jelly is heavily wounded.
The jelly hits you.
* * * LOW HITPOINT WARNING * * *
You are splashed with acid!
You die...

#.# . #.# ..
#.####.#
#####......####
#.............#
#.#.....#####.#
#.#...#.# .#
#.#...#.#####.###.#
#.#.#.#.#...h.....#
#.#...#.#.###J###.#
#.###.#.#.# .# #.#
#...#.# .# #.#
#.....###.# #.#
#...#.....# # #.#
#...#.###.....
#.###....<....###.
#................


You could see a jelly.

Vanquished Creatures
  A dart slug (D:1)
  2 bats (D:1)
  An endoplasm (D:1)
  A giant cockroach (D:1)
  3 hobgoblins (D:1)
  3 quokkas (D:1)
  2 ball pythons (D:1)
  A frilled lizard (D:1)
  2 goblins (D:1)
  A kobold (D:1)
  5 rats (D:1)
22 creatures vanquished.

Notes
Turn   | Place    | Note
-------+----------+-------------------------------------------
     0 | D:1      | TacoSundae the Vine Stalker Shapeshifter began the quest
                  | for the Orb.
     0 | D:1      | Reached XP level 1. HP: 9/9 MP: 2/2
    86 | D:1      | Reached XP level 2. HP: 14/14 MP: 1/3
   305 | D:1      | Reached XP level 3. HP: 17/17 MP: 4/4
   495 | D:2      | Splashed by a jelly's acid

Illustrated notes

Levels and vault maps discovered:
D:1:      scummos_arrival_hexagon, layout_basic
D:2:      layout_basic

Action                     || total
---------------------------++-------
  Melee: Unarmed           ||    50
         Bite              ||    11
         Punch             ||     2
 Armour: Ring mail         ||    21
         Animal skin       ||     1
  Dodge: Dodged            ||    18
